Islanders vs Senators

Created - 11 janvier 2019 at 18:30

Goals
1 2 3 T
Islanders 2 1 1 4
Senators 3 2 0 5
Shots
1 2 3 T
Islanders 19 7 20 46
Senators 15 14 8 37

1st period

1. Islanders , Patrick Maroon 6 (Jesper Bratt 13, Brayden Schenn 14) at 4:27
2. Senators , Josh Anderson 5 (Jaromir Jagr 1, Valtteri Filppula 4) at 4:37
3. Senators , Eric Staal 20 (Vladimir Tarasenko 10, Mark Stone 23) at 14:51
4. Senators , Eric Staal 21 (Jakob Chychrun 11) at 17:34
5. Islanders , Patrick Sharp 3 (Jujhar Khaira 4, Kyle Quincey 2) at 18:04

Penalties :
Richard Panik (NYI) for High sticking (Minor) at 10:29

2nd period

6. Senators , Adam Larsson 2 (Patrick Kane 19, Alexander Wennberg 3) at 4:20 (PP)
7. Senators , Eric Staal 22 (Mark Stone 24, Jakob Chychrun 12) at 8:26
8. Islanders , Anthony DeAngelo 2 (Jack Eichel 23, Richard Panik 15) at 11:38 (PP)

Penalties :
Patrick Kane (OTT) for High sticking (Minor) at 0:37, Nick Ritchie (NYI) for Holding Stick (Minor) at 3:24, Gustav Nyquist (OTT) for Holding (Minor) at 10:25

3rd period

9. Islanders , Reid Boucher 2 (Nick Ritchie 2, Jujhar Khaira 5) at 7:43

Penalties :
Jesper Bratt (NYI) for Holding (Minor) at 4:40, Adam Larsson (OTT) for Tripping (Minor) at 8:54, Jakob Chychrun (OTT) for Holding (Minor) at 12:36

Goalie Stats

Chad Johnson (NYI), 31 saves from 36 shots - (0.861), L, 6-11-1, 58:06 minutes
Ondrej Pavelec (NYI), 1 saves from 1 shots - (1.000), 1:02 minutes
Craig Anderson (OTT), 42 saves from 46 shots - (0.913), W, 6-10-0, 60:00 minutes

Players Stats for Islanders

Player Name              G  A  P  +/- PIM S  H  SB GA TA FO     MP     PP MP  PK MP  
------------------------------------------------------------------------------------
Anthony DeAngelo         1  0  1  -1  0   3  1  1  0  0  0/0    19:42   3:02   2:17 
Brayden Schenn           0  1  1   0  0   10 2  1  0  0  32/47  27:45   4:04   4:05 
Brock McGinn             0  0  0   0  0   4  2  0  0  0  0/0    12:13   0:00   0:17 
Colton Sceviour          0  0  0  -2  0   6  1  2  0  0  0/0    19:09   3:06   0:00 
Dennis Seidenberg        0  0  0   0  0   0  1  1  0  0  0/0    22:51   4:08   2:37 
Eric Gryba               0  0  0   0  0   0  2  5  0  0  0/0    13:55   0:00   0:00 
Jack Eichel              0  1  1  -2  0   2  0  1  0  0  9/23   22:17   3:06   4:05 
Jesper Bratt             0  1  1   0  2   5  1  0  0  0  0/4    19:04   4:04   0:32 
Jujhar Khaira            0  2  2   1  0   0  2  0  0  0  7/18   12:00   0:00   0:00 
Kyle Quincey             0  1  1  -1  0   2  1  2  0  0  0/0    19:25   3:02   2:17 
Neal Pionk               0  0  0   0  0   1  1  1  0  0  0/0    14:08   0:00   0:00 
Nick Holden              0  0  0   0  0   2  1  3  0  0  0/0    26:27   4:08   2:37 
Nick Ritchie             0  1  1   1  2   0  2  0  0  0  0/2     5:49   0:00   0:00 
Patrick Maroon           1  0  1   0  0   2  1  0  0  0  1/2    19:00   4:04   0:49 
Patrick Sharp            1  0  1   0  0   3  0  0  0  0  0/1    12:13   0:00   0:00 
Reid Boucher             1  0  1   1  0   2  0  0  0  0  1/2     5:50   0:00   0:00 
Richard Panik            0  1  1  -2  2   4  3  0  0  0  0/1    19:08   3:06   0:00 
Travis Dermott           0  0  0   0  0   0  0  0  0  0  0/0     4:07   0:00   0:00 

Players Stats for Senators

Player Name              G  A  P  +/- PIM S  H  SB GA TA FO     MP     PP MP  PK MP  
------------------------------------------------------------------------------------
Adam Larsson             1  0  1  -1  2   3  2  0  0  0  0/0    20:17   2:36   1:15 
Alexander Wennberg       0  1  1  -1  0   2  3  0  0  0  14/23  18:29   2:26   0:00 
Ben Harpur               0  0  0   1  0   0  0  2  0  0  0/0    20:30   2:29   3:30 
Daniel Winnik            0  0  0   0  0   2  0  0  0  0  0/0     9:47   0:00   4:38 
Eric Staal               3  0  3   1  0   7  1  0  0  0  15/27  18:48   2:28   0:34 
Gustav Nyquist           0  0  0  -1  2   1  0  1  0  0  0/2    18:59   2:26   0:31 
Jakob Chychrun           0  2  2   1  2   1  4  1  0  0  0/0    21:48   2:18   2:33 
Jaromir Jagr             0  1  1   1  0   0  1  1  0  0  0/0    10:58   0:00   0:00 
Jason Chimera            0  0  0   0  0   0  1  0  0  0  0/1     7:10   0:00   2:01 
Josh Anderson            1  0  1   1  0   3  0  0  0  0  0/1    10:58   0:00   0:00 
Kevin Bieksa             0  0  0   1  0   2  1  3  0  0  0/0    19:09   2:18   3:21 
Mark Stone               0  2  2   1  0   7  2  0  0  0  0/2    18:14   2:28   0:00 
Matt Stajan              0  0  0   0  0   1  1  1  0  0  11/20   9:44   0:00   4:35 
Niklas Hjalmarsson       0  0  0   1  0   1  0  2  0  0  0/0    22:31   0:07   3:38 
Patrick Kane             0  1  1  -1  2   5  4  0  0  0  1/3    18:28   2:26   0:00 
Robert Hagg              0  0  0  -1  0   0  0  1  0  0  0/0    15:43   0:00   0:03 
Valtteri Filppula        0  1  1   1  0   1  0  0  0  0  9/18   12:59   0:00   2:01 
Vladimir Tarasenko       0  1  1   1  0   1  3  0  0  0  0/3    18:14   2:28   0:00 

3 Stars

1 - Eric Staal (OTT)
2 - Mark Stone (OTT)
3 - Jakob Chychrun (OTT)

Power Play

Islanders - 1 on 4 Attempt(s) - 25.00%
Senators - 1 on 3 Attempt(s) - 33.33%

Penalty Kill

Islanders - 2 on 3 Attempt(s) - 66.67% - Score 0 goal in Penalty Kill
Senators - 3 on 4 Attempt(s) - 75.00% - Score 0 goal in Penalty Kill

Team Stat

Islanders - Hits : 21 - Faceoff Wins : 50 - Blocked Shots : 17 - Penalty Minutes : 6
Senators - Hits : 23 - Faceoff Wins : 50 - Blocked Shots : 12 - Penalty Minutes : 8

Official

Referees : Wes McCauley and Ian Walsh
Linesman : Greg Devorski and Mark Shewchyk

Game Notes

Ondrej Pavelec is injured at 1:02 of 1st period (Bruised Left Foot)
Chad Johnson enters game at 1:02 of 1st period
Eric Staal has scored a Hat Trick!

Finance

Level 1 -- Attendance: 6225 (95.77%) -- Ticket Income 622 500 $
Level 2 -- Attendance: 5000 (100.00%) -- Ticket Income 300 000 $
Level 3 -- Attendance: 3443 (98.37%) -- Ticket Income 120 505 $
Level 4 -- Attendance: 2758 (87.47%) -- Ticket Income 82 740 $
Luxury Box -- Attendance: 768 (76.80%) -- Ticket Income 192 000 $
Game was played at the Canadian Tire Centre.
Total Attendance: 18194 (94.99%)
Total Ticket Income: 1 317 745 $
Other Income: 645 695 $
Total Income: 1 963 440 $

% Time on Ice - Islanders

Lines # - Real PCT - Wanted PCT - Time Play
Normal Forward
1 - 28% - 40% - 13:20
2 - 34% - 30% - 16:03
3 - 25% - 20% - 11:56
4 - 12% - 10% - 5:50
Normal Defense
1 - 32% - 40% - 15:19
2 - 30% - 30% - 14:06
3 - 29% - 20% - 13:37
4 - 9% - 10% - 4:07
PP Forward
1 - 57% - 60% - 4:04
2 - 43% - 40% - 3:06
PP Defense
1 - 58% - 60% - 4:08
2 - 42% - 40% - 3:02
PK Forward
1 - 83% - 60% - 4:05
2 - 17% - 40% - 0:49
PK Defense
1 - 53% - 60% - 2:37
2 - 47% - 40% - 2:17
PK3 Forward
1 - 0% - 60%
2 - 0% - 40%
PK3 Defense
1 - 0% - 60%
2 - 0% - 40%
44 Forward
1 - 0% - 60%
2 - 0% - 40%
44 Defense
1 - 0% - 60%
2 - 0% - 40%
Last Minute Offensive  - 0:47
Last Minute Defensive  - 0:00
Total
Forward - 60:00
Defense - 60:00

% Time on Ice - Senators

Lines # - Real PCT - Wanted PCT - Time Play
Normal Forward
1 - 33% - 35% - 15:46
2 - 34% - 35% - 16:03
3 - 23% - 20% - 10:58
4 - 9% - 10% - 4:22
Normal Defense
1 - 38% - 40% - 17:59
2 - 33% - 30% - 15:40
3 - 22% - 20% - 10:10
4 - 7% - 10% - 3:20
PP Forward
1 - 50% - 50% - 2:28
2 - 50% - 50% - 2:26
PP Defense
1 - 53% - 60% - 2:36
2 - 47% - 40% - 2:18
PK Forward
1 - 72% - 60% - 5:09
2 - 28% - 40% - 2:01
PK Defense
1 - 62% - 60% - 4:28
2 - 38% - 40% - 2:42
PK3 Forward
1 - 0% - 60%
2 - 0% - 40%
PK3 Defense
1 - 0% - 60%
2 - 0% - 40%
44 Forward
1 - 0% - 60%
2 - 0% - 40%
44 Defense
1 - 0% - 60%
2 - 0% - 40%
Last Minute Offensive  - 0:00
Last Minute Defensive  - 0:47
Total
Forward - 60:00
Defense - 60:00

Play-by-Play

1st period


0:01 of 1st period - Eric Staal wins face-off versus Brayden Schenn in neutral zone.
0:01 of 1st period - Niklas Hjalmarsson is hit by Brayden Schenn and loses puck.
0:24 of 1st period - Shot by Jesper Bratt.
0:24 of 1st period - Stopped by Craig Anderson without a rebound.
0:25 of 1st period - Alexander Wennberg wins face-off versus Jack Eichel in Senators zone.
0:32 of 1st period - Shot by Alexander Wennberg.
0:32 of 1st period - Shot Blocked by Kyle Quincey.
0:40 of 1st period - Shot by Colton Sceviour.
0:40 of 1st period - Stopped by Craig Anderson without a rebound.
0:41 of 1st period - Valtteri Filppula wins face-off versus Jujhar Khaira in Senators zone.
0:41 of 1st period - Valtteri Filppula is hit by Jujhar Khaira.
1:02 of 1st period - Shot by Josh Anderson.
1:02 of 1st period - Stopped by Ondrej Pavelec without a rebound.
1:02 of 1st period - Ondrej Pavelec from Islanders is injured at 1:02 of 1st period (Bruised Left Foot).
1:02 of 1st period - Chad Johnson enters game.
1:03 of 1st period - Brayden Schenn wins face-off versus Matt Stajan in Islanders zone.
1:16 of 1st period - Shot by Brayden Schenn.
1:16 of 1st period - Shot Blocked by Robert Hagg.
1:47 of 1st period - Daniel Winnik is hit by Brayden Schenn.
2:01 of 1st period - Travis Dermott is hit by Patrick Kane.
2:10 of 1st period - Off-side.
2:11 of 1st period - Jack Eichel wins face-off versus Eric Staal in neutral zone.
2:32 of 1st period - Shot by Richard Panik.
2:32 of 1st period - Stopped by Craig Anderson with a rebound.
3:39 of 1st period - Shot by Patrick Sharp.
3:39 of 1st period - Stopped by Craig Anderson without a rebound.
3:40 of 1st period - Brayden Schenn wins face-off versus Valtteri Filppula in Senators zone.
3:41 of 1st period - Shot by Patrick Maroon.
3:41 of 1st period - Deflect By Brayden Schenn.
3:41 of 1st period - Stopped by Craig Anderson without a rebound.
3:42 of 1st period - Brayden Schenn wins face-off versus Valtteri Filppula in Senators zone.
3:57 of 1st period - Shot by Brayden Schenn.
3:57 of 1st period - Stopped by Craig Anderson without a rebound.
3:58 of 1st period - Eric Staal wins face-off versus Jujhar Khaira in Senators zone.
4:07 of 1st period - Shot by Eric Staal.
4:07 of 1st period - Deflect By Mark Stone.
4:07 of 1st period - Shot Blocked by Eric Gryba.
4:09 of 1st period - Shot by Mark Stone.
4:09 of 1st period - Stopped by Chad Johnson without a rebound.
4:10 of 1st period - Alexander Wennberg wins face-off versus Brayden Schenn in Islanders zone.
4:23 of 1st period - Shot by Brayden Schenn.
4:23 of 1st period - Shot Blocked by Gustav Nyquist.
4:27 of 1st period - Shot by Patrick Maroon.
4:27 of 1st period - Goal by Patrick Maroon - Islanders : 1 - Senators : 0.
4:28 of 1st period - Valtteri Filppula wins face-off versus Richard Panik in neutral zone.
4:35 of 1st period - Shot by Josh Anderson.
4:35 of 1st period - Stopped by Chad Johnson with a rebound.
4:37 of 1st period - Shot by Josh Anderson.
4:37 of 1st period - Goal by Josh Anderson - Islanders : 1 - Senators : 1.
4:38 of 1st period - Eric Staal wins face-off versus Brayden Schenn in neutral zone.
4:45 of 1st period - Shot by Eric Staal.
4:45 of 1st period - Shot Misses the Net.
4:53 of 1st period - Shot by Brayden Schenn.
4:53 of 1st period - Stopped by Craig Anderson without a rebound.
4:54 of 1st period - Alexander Wennberg wins face-off versus Jack Eichel in Senators zone.
4:54 of 1st period - Alexander Wennberg is hit by Colton Sceviour.
5:08 of 1st period - Shot by Richard Panik.
5:08 of 1st period - Shot Misses the Net.
5:10 of 1st period - Shot by Colton Sceviour.
5:10 of 1st period - Stopped by Craig Anderson without a rebound.
5:11 of 1st period - Brayden Schenn wins face-off versus Josh Anderson in Senators zone.
5:11 of 1st period - Brayden Schenn is hit by Adam Larsson.
5:13 of 1st period - Shot by Jesper Bratt.
5:13 of 1st period - Shot Misses the Net.
5:16 of 1st period - Icing by Robert Hagg.
5:17 of 1st period - Brayden Schenn wins face-off versus Valtteri Filppula in Senators zone.
6:15 of 1st period - Off-side.
6:16 of 1st period - Jack Eichel wins face-off versus Eric Staal in neutral zone.
6:26 of 1st period - Shot by Eric Staal.
6:26 of 1st period - Shot Misses the Net.
6:33 of 1st period - Mark Stone is hit by Anthony DeAngelo and loses puck.
6:38 of 1st period - Shot by Mark Stone.
6:38 of 1st period - Shot Misses the Net.
6:58 of 1st period - Shot by Eric Staal.
6:58 of 1st period - Deflect By Mark Stone.
6:58 of 1st period - Stopped by Chad Johnson without a rebound.
6:59 of 1st period - Alexander Wennberg wins face-off versus Jujhar Khaira in Islanders zone.
7:46 of 1st period - Nick Holden is hit by Patrick Kane and loses puck.
8:03 of 1st period - Shot by Brayden Schenn.
8:03 of 1st period - Stopped by Craig Anderson without a rebound.
8:04 of 1st period - Eric Staal wins face-off versus Jack Eichel in Senators zone.
8:33 of 1st period - Shot by Vladimir Tarasenko.
8:33 of 1st period - Shot Misses the Net.
8:35 of 1st period - Shot by Mark Stone.
8:35 of 1st period - Shot Blocked by Kyle Quincey.
8:37 of 1st period - Shot by Eric Staal.
8:37 of 1st period - Stopped by Chad Johnson without a rebound.
8:38 of 1st period - Matt Stajan wins face-off versus Brayden Schenn in Islanders zone.
9:04 of 1st period - Icing by Brayden Schenn.
9:05 of 1st period - Valtteri Filppula wins face-off versus Brayden Schenn in Islanders zone.
9:41 of 1st period - Shot by Neal Pionk.
9:41 of 1st period - Stopped by Craig Anderson with a rebound.
9:43 of 1st period - Shot by Brock McGinn.
9:43 of 1st period - Shot Blocked by Jaromir Jagr.
10:21 of 1st period - Shot by Colton Sceviour.
10:21 of 1st period - Stopped by Craig Anderson without a rebound.
10:22 of 1st period - Eric Staal wins face-off versus Jack Eichel in Senators zone.
10:22 of 1st period - Eric Staal is hit by Richard Panik.
10:27 of 1st period - Eric Staal is hit by Richard Panik and loses puck.
10:29 of 1st period - Minor Penalty to Richard Panik for High sticking.
10:30 of 1st period - Brayden Schenn wins face-off versus Eric Staal in Islanders zone.
10:39 of 1st period - Shot by Mark Stone.
10:39 of 1st period - Stopped by Chad Johnson without a rebound.
10:40 of 1st period - Brayden Schenn wins face-off versus Alexander Wennberg in Islanders zone.
10:53 of 1st period - Shot by Brayden Schenn.
10:53 of 1st period - Shot Misses the Net.
12:46 of 1st period - Jason Chimera is hit by Neal Pionk and loses puck.
12:51 of 1st period - Shot by Daniel Winnik.
12:51 of 1st period - Stopped by Chad Johnson with a rebound.
13:32 of 1st period - Shot by Josh Anderson.
13:32 of 1st period - Shot Misses the Net.
13:58 of 1st period - Shot by Jesper Bratt.
13:58 of 1st period - Stopped by Craig Anderson with a rebound.
14:00 of 1st period - Shot by Jesper Bratt.
14:00 of 1st period - Stopped by Craig Anderson with a rebound.
14:02 of 1st period - Shot by Jesper Bratt.
14:02 of 1st period - Shot Misses the Net.
14:04 of 1st period - Shot by Kyle Quincey.
14:04 of 1st period - Stopped by Craig Anderson without a rebound.
14:05 of 1st period - Alexander Wennberg wins face-off versus Brayden Schenn in Senators zone.
14:05 of 1st period - Alexander Wennberg is hit by Nick Ritchie.
14:17 of 1st period - Shot by Reid Boucher.
14:17 of 1st period - Stopped by Craig Anderson with a rebound.
14:23 of 1st period - Shot by Brayden Schenn.
14:23 of 1st period - Stopped by Craig Anderson with a rebound.
14:27 of 1st period - Shot by Reid Boucher.
14:27 of 1st period - Shot Misses the Net.
14:35 of 1st period - Shot by Patrick Kane.
14:35 of 1st period - Stopped by Chad Johnson without a rebound.
14:36 of 1st period - Jack Eichel wins face-off versus Eric Staal in Islanders zone.
14:51 of 1st period - Shot by Eric Staal.
14:51 of 1st period - Goal by Eric Staal - Islanders : 1 - Senators : 2.
14:52 of 1st period - Matt Stajan wins face-off versus Jujhar Khaira in neutral zone.
15:00 of 1st period - Patrick Sharp is hit by Jakob Chychrun and loses puck.
15:05 of 1st period - Shot by Patrick Sharp.
15:05 of 1st period - Stopped by Craig Anderson without a rebound.
15:06 of 1st period - Eric Staal wins face-off versus Jack Eichel in Senators zone.
15:11 of 1st period - Jack Eichel is hit by Vladimir Tarasenko and loses puck.
15:16 of 1st period - Shot by Mark Stone.
15:16 of 1st period - Shot Blocked by Eric Gryba.
15:18 of 1st period - Shot by Vladimir Tarasenko.
15:18 of 1st period - Shot Misses the Net.
15:43 of 1st period - Shot by Eric Staal.
15:43 of 1st period - Shot Misses the Net.
15:54 of 1st period - Alexander Wennberg is hit by Eric Gryba and loses puck.
16:11 of 1st period - Shot by Gustav Nyquist.
16:11 of 1st period - Shot Blocked by Eric Gryba.
16:34 of 1st period - Icing by Patrick Kane.
16:35 of 1st period - Brayden Schenn wins face-off versus Alexander Wennberg in Senators zone.
16:36 of 1st period - Shot by Patrick Maroon.
16:36 of 1st period - Deflect By Brayden Schenn.
16:36 of 1st period - Shot Blocked by Kevin Bieksa.
16:42 of 1st period - Shot by Jesper Bratt.
16:42 of 1st period - Shot Blocked by Ben Harpur.
16:44 of 1st period - Shot by Nick Holden.
16:44 of 1st period - Deflect By Brayden Schenn.
16:44 of 1st period - Shot Misses the Net.
17:10 of 1st period - Shot by Brayden Schenn.
17:10 of 1st period - Shot Misses the Net.
17:12 of 1st period - Shot by Jesper Bratt.
17:12 of 1st period - Shot Blocked by Ben Harpur.
17:14 of 1st period - Shot by Jesper Bratt.
17:14 of 1st period - Shot Misses the Net.
17:32 of 1st period - Shot by Jakob Chychrun.
17:32 of 1st period - Shot Misses the Net.
17:34 of 1st period - Shot by Eric Staal.
17:34 of 1st period - Goal by Eric Staal - Islanders : 1 - Senators : 3.
17:35 of 1st period - Brayden Schenn wins face-off versus Vladimir Tarasenko in neutral zone.
17:40 of 1st period - Icing by Jakob Chychrun.
17:41 of 1st period - Jujhar Khaira wins face-off versus Eric Staal in Senators zone.
17:56 of 1st period - Shot by Patrick Sharp.
17:56 of 1st period - Shot Hit the Post.
18:04 of 1st period - Shot by Patrick Sharp.
18:04 of 1st period - Goal by Patrick Sharp - Islanders : 2 - Senators : 3.
18:05 of 1st period - Matt Stajan wins face-off versus Brayden Schenn in neutral zone.
18:07 of 1st period - Off-side.
18:08 of 1st period - Brayden Schenn wins face-off versus Matt Stajan in neutral zone.
18:28 of 1st period - Shot by Matt Stajan.
18:28 of 1st period - Stopped by Chad Johnson without a rebound.
18:29 of 1st period - Eric Staal wins face-off versus Jack Eichel in Islanders zone.
18:40 of 1st period - Shot by Vladimir Tarasenko.
18:40 of 1st period - Stopped by Chad Johnson without a rebound.
18:41 of 1st period - Valtteri Filppula wins face-off versus Jesper Bratt in Islanders zone.
18:44 of 1st period - Shot by Valtteri Filppula.
18:44 of 1st period - Shot Blocked by Nick Holden.
19:21 of 1st period - Icing by Robert Hagg.
19:22 of 1st period - Valtteri Filppula wins face-off versus Jack Eichel in Senators zone.
19:22 of 1st period - Valtteri Filppula is hit by Richard Panik.
19:31 of 1st period - Icing by Adam Larsson.
19:32 of 1st period - Valtteri Filppula wins face-off versus Jujhar Khaira in Senators zone.
19:32 of 1st period - Valtteri Filppula is hit by Brock McGinn.
19:38 of 1st period - Shot by Adam Larsson.
19:38 of 1st period - Stopped by Chad Johnson with a rebound.
19:50 of 1st period - Shot by Eric Staal.
19:50 of 1st period - Shot Blocked by Eric Gryba.
19:52 of 1st period - Shot by Mark Stone.
19:52 of 1st period - Stopped by Chad Johnson without a rebound.
19:53 of 1st period - Alexander Wennberg wins face-off versus Brayden Schenn in Islanders zone.
Goals for this period are 2 for Islanders vs 3 for Senators.
Shots for this period are 19 for Islanders vs 15 for Senators.

2nd period


0:01 of 2nd period - Brayden Schenn wins face-off versus Eric Staal in neutral zone.
0:20 of 2nd period - Mark Stone is hit by Dennis Seidenberg and loses puck.
0:27 of 2nd period - Shot by Mark Stone.
0:27 of 2nd period - Shot Misses the Net.
0:31 of 2nd period - Shot by Mark Stone.
0:31 of 2nd period - Shot Misses the Net.
0:33 of 2nd period - Shot by Jakob Chychrun.
0:33 of 2nd period - Stopped by Chad Johnson without a rebound.
0:34 of 2nd period - Jack Eichel wins face-off versus Patrick Kane in Islanders zone.
0:34 of 2nd period - Richard Panik is hit by Patrick Kane.
0:37 of 2nd period - Minor Penalty to Patrick Kane for High sticking.
0:38 of 2nd period - Matt Stajan wins face-off versus Jack Eichel in Senators zone.
0:55 of 2nd period - Shot by Jack Eichel.
0:55 of 2nd period - Shot Hit the Post.
0:57 of 2nd period - Shot by Richard Panik.
0:57 of 2nd period - Shot Blocked by Kevin Bieksa.
1:28 of 2nd period - Shot by Nick Holden.
1:28 of 2nd period - Deflect By Brayden Schenn.
1:28 of 2nd period - Stopped by Craig Anderson with a rebound.
2:29 of 2nd period - Shot by Richard Panik.
2:29 of 2nd period - Stopped by Craig Anderson without a rebound.
2:30 of 2nd period - Matt Stajan wins face-off versus Jesper Bratt in Senators zone.
3:24 of 2nd period - Minor Penalty to Nick Ritchie for Holding Stick.
3:25 of 2nd period - Brayden Schenn wins face-off versus Vladimir Tarasenko in Islanders zone.
4:18 of 2nd period - Shot by Patrick Kane.
4:18 of 2nd period - Shot Misses the Net.
4:20 of 2nd period - Shot by Adam Larsson.
4:20 of 2nd period - Goal by Adam Larsson - Islanders : 2 - Senators : 4.
4:21 of 2nd period - Jujhar Khaira wins face-off versus Matt Stajan in neutral zone.
4:28 of 2nd period - Shot by Brock McGinn.
4:28 of 2nd period - Stopped by Craig Anderson without a rebound.
4:29 of 2nd period - Patrick Kane wins face-off versus Jujhar Khaira in Senators zone.
4:34 of 2nd period - Shot by Gustav Nyquist.
4:34 of 2nd period - Shot Misses the Net.
4:40 of 2nd period - Shot by Patrick Kane.
4:40 of 2nd period - Shot Blocked by Nick Holden.
4:56 of 2nd period - Shot by Alexander Wennberg.
4:56 of 2nd period - Stopped by Chad Johnson with a rebound.
4:58 of 2nd period - Shot by Kevin Bieksa.
4:58 of 2nd period - Shot Misses the Net.
5:00 of 2nd period - Shot by Kevin Bieksa.
5:00 of 2nd period - Stopped by Chad Johnson with a rebound.
5:52 of 2nd period - Shot by Adam Larsson.
5:52 of 2nd period - Stopped by Chad Johnson without a rebound.
5:53 of 2nd period - Brayden Schenn wins face-off versus Matt Stajan in Islanders zone.
6:05 of 2nd period - Off-side.
6:06 of 2nd period - Brayden Schenn wins face-off versus Valtteri Filppula in neutral zone.
6:06 of 2nd period - Reid Boucher is hit by Jaromir Jagr.
6:53 of 2nd period - Icing by Nick Holden.
6:54 of 2nd period - Reid Boucher wins face-off versus Eric Staal in Islanders zone.
7:17 of 2nd period - Shot by Mark Stone.
7:17 of 2nd period - Stopped by Chad Johnson without a rebound.
7:18 of 2nd period - Alexander Wennberg wins face-off versus Jujhar Khaira in Islanders zone.
7:18 of 2nd period - Patrick Kane is hit by Eric Gryba and loses puck.
7:27 of 2nd period - Shot by Patrick Kane.
7:27 of 2nd period - Stopped by Chad Johnson without a rebound.
7:28 of 2nd period - Jack Eichel wins face-off versus Alexander Wennberg in Islanders zone.
8:12 of 2nd period - Icing by Kevin Bieksa.
8:13 of 2nd period - Brayden Schenn wins face-off versus Alexander Wennberg in Senators zone.
8:16 of 2nd period - Shot by Jesper Bratt.
8:16 of 2nd period - Stopped by Craig Anderson without a rebound.
8:17 of 2nd period - Eric Staal wins face-off versus Jesper Bratt in Senators zone.
8:26 of 2nd period - Shot by Mark Stone.
8:26 of 2nd period - Deflect By Eric Staal.
8:26 of 2nd period - Goal by Eric Staal - Islanders : 2 - Senators : 5.
8:27 of 2nd period - Brayden Schenn wins face-off versus Mark Stone in neutral zone.
8:57 of 2nd period - Shot by Eric Staal.
8:57 of 2nd period - Shot Blocked by Dennis Seidenberg.
8:59 of 2nd period - Shot by Mark Stone.
8:59 of 2nd period - Shot Misses the Net.
9:33 of 2nd period - Shot by Jack Eichel.
9:33 of 2nd period - Shot Misses the Net.
10:07 of 2nd period - Shot by Gustav Nyquist.
10:07 of 2nd period - Stopped by Chad Johnson without a rebound.
10:08 of 2nd period - Jujhar Khaira wins face-off versus Jason Chimera in Islanders zone.
10:08 of 2nd period - Jujhar Khaira is hit by Jason Chimera.
10:18 of 2nd period - Shot by Matt Stajan.
10:18 of 2nd period - Deflect By Daniel Winnik.
10:18 of 2nd period - Stopped by Chad Johnson without a rebound.
10:19 of 2nd period - Alexander Wennberg wins face-off versus Nick Ritchie in Islanders zone.
10:22 of 2nd period - Shot by Patrick Kane.
10:22 of 2nd period - Stopped by Chad Johnson with a rebound.
10:25 of 2nd period - Minor Penalty to Gustav Nyquist for Holding.
10:26 of 2nd period - Matt Stajan wins face-off versus Brayden Schenn in Senators zone.
10:26 of 2nd period - Matt Stajan is hit by Jesper Bratt.
11:38 of 2nd period - Shot by Anthony DeAngelo.
11:38 of 2nd period - Goal by Anthony DeAngelo - Islanders : 3 - Senators : 5.
11:39 of 2nd period - Alexander Wennberg wins face-off versus Jujhar Khaira in neutral zone.
11:41 of 2nd period - Off-side.
11:42 of 2nd period - Jujhar Khaira wins face-off versus Alexander Wennberg in neutral zone.
12:20 of 2nd period - Icing by Gustav Nyquist.
12:21 of 2nd period - Alexander Wennberg wins face-off versus Brayden Schenn in Senators zone.
12:25 of 2nd period - Patrick Kane is hit by Patrick Maroon and loses puck.
13:05 of 2nd period - Nick Holden is hit by Alexander Wennberg and loses puck.
13:58 of 2nd period - Shot by Jack Eichel.
13:58 of 2nd period - Shot Blocked by Niklas Hjalmarsson.
14:00 of 2nd period - Shot by Anthony DeAngelo.
14:00 of 2nd period - Stopped by Craig Anderson with a rebound.
14:24 of 2nd period - Eric Gryba is hit by Mark Stone and loses puck.
14:43 of 2nd period - Shot by Brock McGinn.
14:43 of 2nd period - Stopped by Craig Anderson without a rebound.
14:44 of 2nd period - Matt Stajan wins face-off versus Nick Ritchie in Senators zone.
15:02 of 2nd period - Icing by Ben Harpur.
15:03 of 2nd period - Jujhar Khaira wins face-off versus Matt Stajan in Senators zone.
15:06 of 2nd period - Shot by Patrick Sharp.
15:06 of 2nd period - Shot Misses the Net.
16:14 of 2nd period - Shot by Alexander Wennberg.
16:14 of 2nd period - Shot Misses the Net.
16:48 of 2nd period - Icing by Colton Sceviour.
16:49 of 2nd period - Valtteri Filppula wins face-off versus Jack Eichel in Islanders zone.
16:58 of 2nd period - Shot by Josh Anderson.
16:58 of 2nd period - Shot Blocked by Colton Sceviour.
17:00 of 2nd period - Shot by Niklas Hjalmarsson.
17:00 of 2nd period - Shot Misses the Net.
17:12 of 2nd period - Shot by Josh Anderson.
17:12 of 2nd period - Deflect By Valtteri Filppula.
17:12 of 2nd period - Stopped by Chad Johnson without a rebound.
17:13 of 2nd period - Brayden Schenn wins face-off versus Eric Staal in Islanders zone.
17:13 of 2nd period - Brayden Schenn is hit by Mark Stone.
17:16 of 2nd period - Patrick Maroon is hit by Vladimir Tarasenko and loses puck.
17:21 of 2nd period - Shot by Eric Staal.
17:21 of 2nd period - Stopped by Chad Johnson with a rebound.
17:23 of 2nd period - Shot by Eric Staal.
17:23 of 2nd period - Shot Misses the Net.
18:02 of 2nd period - Off-side.
18:03 of 2nd period - Valtteri Filppula wins face-off versus Jujhar Khaira in neutral zone.
18:17 of 2nd period - Off-side.
18:18 of 2nd period - Alexander Wennberg wins face-off versus Brayden Schenn in neutral zone.
18:54 of 2nd period - Shot by Patrick Kane.
18:54 of 2nd period - Stopped by Chad Johnson with a rebound.
18:57 of 2nd period - Icing by Eric Gryba.
18:58 of 2nd period - Eric Staal wins face-off versus Reid Boucher in Islanders zone.
19:02 of 2nd period - Icing by Eric Gryba.
19:03 of 2nd period - Brayden Schenn wins face-off versus Eric Staal in Islanders zone.
19:03 of 2nd period - Brayden Schenn is hit by Eric Staal.
19:06 of 2nd period - Reid Boucher is hit by Vladimir Tarasenko and loses puck.
19:33 of 2nd period - Shot by Eric Staal.
19:33 of 2nd period - Shot Misses the Net.
19:35 of 2nd period - Shot by Mark Stone.
19:35 of 2nd period - Shot Misses the Net.
19:37 of 2nd period - Shot by Niklas Hjalmarsson.
19:37 of 2nd period - Shot Misses the Net.
Goals for this period are 1 for Islanders vs 2 for Senators.
Shots for this period are 7 for Islanders vs 14 for Senators.

3rd period


0:01 of 3rd period - Brayden Schenn wins face-off versus Eric Staal in neutral zone.
0:10 of 3rd period - Shot by Nick Holden.
0:10 of 3rd period - Stopped by Craig Anderson without a rebound.
0:11 of 3rd period - Alexander Wennberg wins face-off versus Jack Eichel in Senators zone.
0:44 of 3rd period - Shot by Gustav Nyquist.
0:44 of 3rd period - Shot Blocked by Anthony DeAngelo.
0:46 of 3rd period - Shot by Ben Harpur.
0:46 of 3rd period - Shot Blocked by Colton Sceviour.
0:48 of 3rd period - Shot by Alexander Wennberg.
0:48 of 3rd period - Stopped by Chad Johnson without a rebound.
0:49 of 3rd period - Eric Staal wins face-off versus Patrick Maroon in Islanders zone.
2:21 of 3rd period - Shot by Jaromir Jagr.
2:21 of 3rd period - Shot Misses the Net.
2:29 of 3rd period - Valtteri Filppula is hit by Jujhar Khaira and loses puck.
2:54 of 3rd period - Shot by Jack Eichel.
2:54 of 3rd period - Deflect By Richard Panik.
2:54 of 3rd period - Stopped by Craig Anderson without a rebound.
2:55 of 3rd period - Brayden Schenn wins face-off versus Patrick Kane in Senators zone.
2:58 of 3rd period - Shot by Nick Ritchie.
2:58 of 3rd period - Shot Misses the Net.
3:30 of 3rd period - Shot by Patrick Kane.
3:30 of 3rd period - Stopped by Chad Johnson without a rebound.
3:31 of 3rd period - Eric Staal wins face-off versus Jack Eichel in Islanders zone.
3:41 of 3rd period - Richard Panik is hit by Jakob Chychrun.
3:53 of 3rd period - Shot by Jack Eichel.
3:53 of 3rd period - Shot Misses the Net.
4:02 of 3rd period - Richard Panik is hit by Jakob Chychrun.
4:19 of 3rd period - Shot by Brayden Schenn.
4:19 of 3rd period - Stopped by Craig Anderson without a rebound.
4:20 of 3rd period - Jujhar Khaira wins face-off versus Gustav Nyquist in Senators zone.
4:23 of 3rd period - Shot by Brock McGinn.
4:23 of 3rd period - Stopped by Craig Anderson without a rebound.
4:24 of 3rd period - Brayden Schenn wins face-off versus Alexander Wennberg in Senators zone.
4:40 of 3rd period - Minor Penalty to Jesper Bratt for Holding.
4:41 of 3rd period - Jack Eichel wins face-off versus Alexander Wennberg in Islanders zone.
5:10 of 3rd period - Icing by Alexander Wennberg.
5:11 of 3rd period - Brayden Schenn wins face-off versus Alexander Wennberg in Senators zone.
5:22 of 3rd period - Shot by Jack Eichel.
5:22 of 3rd period - Shot Misses the Net.
5:46 of 3rd period - Shot by Vladimir Tarasenko.
5:46 of 3rd period - Deflect By Eric Staal.
5:46 of 3rd period - Shot Blocked by Jack Eichel.
7:07 of 3rd period - Shot by Niklas Hjalmarsson.
7:07 of 3rd period - Shot Blocked by Eric Gryba.
7:39 of 3rd period - Shot by Kyle Quincey.
7:39 of 3rd period - Stopped by Craig Anderson without a rebound.
7:40 of 3rd period - Jujhar Khaira wins face-off versus Vladimir Tarasenko in Senators zone.
7:41 of 3rd period - Shot by Reid Boucher.
7:41 of 3rd period - Deflect By Nick Ritchie.
7:41 of 3rd period - Shot Misses the Net.
7:43 of 3rd period - Shot by Reid Boucher.
7:43 of 3rd period - Goal by Reid Boucher - Islanders : 4 - Senators : 5.
7:44 of 3rd period - Eric Staal wins face-off versus Patrick Sharp in neutral zone.
8:00 of 3rd period - Shot by Eric Staal.
8:00 of 3rd period - Stopped by Chad Johnson without a rebound.
8:01 of 3rd period - Jack Eichel wins face-off versus Alexander Wennberg in Islanders zone.
8:53 of 3rd period - Brayden Schenn is hit by Adam Larsson.
8:54 of 3rd period - Minor Penalty to Adam Larsson for Tripping.
8:55 of 3rd period - Brayden Schenn wins face-off versus Matt Stajan in Senators zone.
8:56 of 3rd period - Shot by Nick Holden.
8:56 of 3rd period - Shot Blocked by Kevin Bieksa.
9:11 of 3rd period - Shot by Daniel Winnik.
9:11 of 3rd period - Shot Misses the Net.
9:47 of 3rd period - Icing by Richard Panik.
9:48 of 3rd period - Matt Stajan wins face-off versus Jack Eichel in Islanders zone.
9:53 of 3rd period - Shot by Daniel Winnik.
9:53 of 3rd period - Shot Misses the Net.
10:33 of 3rd period - Shot by Nick Holden.
10:33 of 3rd period - Stopped by Craig Anderson without a rebound.
10:34 of 3rd period - Valtteri Filppula wins face-off versus Jack Eichel in Senators zone.
10:43 of 3rd period - Shot by Jack Eichel.
10:43 of 3rd period - Stopped by Craig Anderson without a rebound.
10:44 of 3rd period - Brayden Schenn wins face-off versus Valtteri Filppula in Senators zone.
10:49 of 3rd period - Shot by Brayden Schenn.
10:49 of 3rd period - Stopped by Craig Anderson without a rebound.
10:50 of 3rd period - Jack Eichel wins face-off versus Valtteri Filppula in Senators zone.
10:50 of 3rd period - Richard Panik is hit by Jakob Chychrun and loses puck.
11:04 of 3rd period - Shot by Vladimir Tarasenko.
11:04 of 3rd period - Shot Hit the Post.
11:06 of 3rd period - Shot by Mark Stone.
11:06 of 3rd period - Stopped by Chad Johnson without a rebound.
11:07 of 3rd period - Brayden Schenn wins face-off versus Gustav Nyquist in Islanders zone.
11:07 of 3rd period - Brayden Schenn is hit by Alexander Wennberg.
11:10 of 3rd period - Nick Ritchie is hit by Patrick Kane and loses puck.
11:32 of 3rd period - Kyle Quincey is hit by Alexander Wennberg and loses puck.
11:37 of 3rd period - Adam Larsson is hit by Nick Ritchie and loses puck.
12:15 of 3rd period - Icing by Vladimir Tarasenko.
12:16 of 3rd period - Eric Staal wins face-off versus Jujhar Khaira in Senators zone.
12:30 of 3rd period - Shot by Eric Staal.
12:30 of 3rd period - Stopped by Chad Johnson without a rebound.
12:31 of 3rd period - Brayden Schenn wins face-off versus Matt Stajan in Islanders zone.
12:31 of 3rd period - Brayden Schenn is hit by Matt Stajan.
12:36 of 3rd period - Minor Penalty to Jakob Chychrun for Holding.
12:37 of 3rd period - Brayden Schenn wins face-off versus Matt Stajan in Senators zone.
12:37 of 3rd period - Brayden Schenn is hit by Kevin Bieksa.
12:41 of 3rd period - Shot by Brayden Schenn.
12:41 of 3rd period - Stopped by Craig Anderson without a rebound.
12:42 of 3rd period - Matt Stajan wins face-off versus Brayden Schenn in Senators zone.
12:59 of 3rd period - Shot by Patrick Maroon.
12:59 of 3rd period - Stopped by Craig Anderson without a rebound.
13:00 of 3rd period - Matt Stajan wins face-off versus Jack Eichel in Senators zone.
13:09 of 3rd period - Shot by Kevin Bieksa.
13:09 of 3rd period - Stopped by Chad Johnson without a rebound.
13:10 of 3rd period - Matt Stajan wins face-off versus Brayden Schenn in Islanders zone.
13:11 of 3rd period - Shot by Daniel Winnik.
13:11 of 3rd period - Shot Blocked by Brayden Schenn.
13:37 of 3rd period - Shot by Jesper Bratt.
13:37 of 3rd period - Shot Blocked by Niklas Hjalmarsson.
13:39 of 3rd period - Shot by Patrick Maroon.
13:39 of 3rd period - Shot Misses the Net.
13:41 of 3rd period - Shot by Nick Holden.
13:41 of 3rd period - Shot Misses the Net.
13:43 of 3rd period - Shot by Nick Holden.
13:43 of 3rd period - Shot Misses the Net.
13:45 of 3rd period - Shot by Dennis Seidenberg.
13:45 of 3rd period - Shot Misses the Net.
14:09 of 3rd period - Daniel Winnik is hit by Kyle Quincey and loses puck.
14:20 of 3rd period - Shot by Richard Panik.
14:20 of 3rd period - Shot Blocked by Matt Stajan.
14:22 of 3rd period - Shot by Kyle Quincey.
14:22 of 3rd period - Shot Misses the Net.
14:24 of 3rd period - Shot by Richard Panik.
14:24 of 3rd period - Stopped by Craig Anderson without a rebound.
14:25 of 3rd period - Brayden Schenn wins face-off versus Valtteri Filppula in Senators zone.
14:47 of 3rd period - Shot by Patrick Kane.
14:47 of 3rd period - Shot Blocked by Neal Pionk.
15:25 of 3rd period - Shot by Colton Sceviour.
15:25 of 3rd period - Shot Misses the Net.
15:27 of 3rd period - Shot by Colton Sceviour.
15:27 of 3rd period - Stopped by Craig Anderson without a rebound.
15:28 of 3rd period - Eric Staal wins face-off versus Brayden Schenn in Senators zone.
15:34 of 3rd period - Off-side.
15:35 of 3rd period - Brayden Schenn wins face-off versus Mark Stone in neutral zone.
15:37 of 3rd period - Off-side.
15:38 of 3rd period - Eric Staal wins face-off versus Jesper Bratt in neutral zone.
15:43 of 3rd period - Shot by Mark Stone.
15:43 of 3rd period - Stopped by Chad Johnson without a rebound.
15:44 of 3rd period - Brayden Schenn wins face-off versus Eric Staal in Islanders zone.
15:46 of 3rd period - Icing by Jesper Bratt.
15:47 of 3rd period - Brayden Schenn wins face-off versus Eric Staal in Islanders zone.
15:52 of 3rd period - Shot by Jesper Bratt.
15:52 of 3rd period - Stopped by Craig Anderson with a rebound.
16:38 of 3rd period - Shot by Colton Sceviour.
16:38 of 3rd period - Stopped by Craig Anderson with a rebound.
16:46 of 3rd period - Shot by Jack Eichel.
16:46 of 3rd period - Shot Misses the Net.
16:48 of 3rd period - Shot by Anthony DeAngelo.
16:48 of 3rd period - Shot Misses the Net.
16:50 of 3rd period - Shot by Kyle Quincey.
16:50 of 3rd period - Shot Misses the Net.
16:52 of 3rd period - Shot by Colton Sceviour.
16:52 of 3rd period - Stopped by Craig Anderson with a rebound.
17:02 of 3rd period - Shot by Jack Eichel.
17:02 of 3rd period - Stopped by Craig Anderson without a rebound.
17:03 of 3rd period - Alexander Wennberg wins face-off versus Jujhar Khaira in Senators zone.
17:03 of 3rd period - Alexander Wennberg is hit by Brock McGinn.
17:17 of 3rd period - Shot by Niklas Hjalmarsson.
17:17 of 3rd period - Stopped by Chad Johnson without a rebound.
17:18 of 3rd period - Brayden Schenn wins face-off versus Valtteri Filppula in Islanders zone.
17:23 of 3rd period - Shot by Brayden Schenn.
17:23 of 3rd period - Stopped by Craig Anderson without a rebound.
17:24 of 3rd period - Alexander Wennberg wins face-off versus Brayden Schenn in Senators zone.
17:55 of 3rd period - Shot by Patrick Maroon.
17:55 of 3rd period - Shot Blocked by Jakob Chychrun.
17:57 of 3rd period - Shot by Jesper Bratt.
17:57 of 3rd period - Shot Misses the Net.
17:59 of 3rd period - Shot by Anthony DeAngelo.
17:59 of 3rd period - Stopped by Craig Anderson without a rebound.
18:00 of 3rd period - Jack Eichel wins face-off versus Valtteri Filppula in Senators zone.
18:36 of 3rd period - Valtteri Filppula is hit by Nick Holden and loses puck.
19:08 of 3rd period - Islanders, Chad Johnson is pulled from the net.
19:12 of 3rd period - Shot by Brock McGinn.
19:12 of 3rd period - Stopped by Craig Anderson without a rebound.
19:13 of 3rd period - Patrick Maroon wins face-off versus Matt Stajan in Senators zone.
19:18 of 3rd period - Shot by Brayden Schenn.
19:18 of 3rd period - Shot Misses the Net.
19:46 of 3rd period - Shot by Matt Stajan.
19:46 of 3rd period - Deflect By Daniel Winnik.
19:46 of 3rd period - Shot Blocked by Nick Holden.
Goals for this period are 1 for Islanders vs 0 for Senators.
Shots for this period are 20 for Islanders vs 8 for Senators.